 Dungeon Crawl Stone Soup version 0.31-a0-1008-g5b978dac0e (webtiles) character file.

Game seed: 10373677974596793626

105 Queen the Ruffian (level 4, 0/37 HPs)
             Began as a Draconian Shapeshifter on Nov 12, 2023.
             Succumbed to a gnoll's poison
             ... on level 1 of the Dungeon.
             The game lasted 00:04:02 (1231 turns).

Queen the Ruffian (Draconian Shapeshifter)          Turns: 1231, Time: 00:04:03

Health: 0/37       AC:  5    Str: 19    XL:     4   Next: 53%
Magic:  4/4        EV: 12    Int: 10    God:
Gold:   73         SH:  0    Dex: 10    Spells: 3/3 levels left

rFire   . .          .
                       - Unarmed
rCold   . . .        (no shield)
rNeg    . . .        (body armour unavailable)
rPois   .            (helmet currently unavailable)
rElec   .            (cloak currently unavailable)
rCorr   .            (gloves currently unavailable)
SInv    .            (boots currently unavailable)
Will    .....        (no amulet)
Stlth   +            (no ring)
HPRegen 0.26/turn    (no ring)
MPRegen 0.09/turn

%: no passive effects
@: brilliant, lethally poisoned (0 -> -14), beast-form
A: beast (slay +2), AC +5, unfitting armour, cold-blooded
a: Begin Untransformation


You were on level 1 of the Dungeon.
You were a hulking beast.
You visited 1 branch of the dungeon, and saw 2 of its levels.

You collected 73 gold pieces.

Inventory:

Missiles
 e - 3 javelins
 i - a throwing net
Talismans
 b - a beast talisman (active)
 c - a flux talisman
 g - a serpent talisman
Scrolls
 h - a scroll of teleportation {unknown}
 j - 2 scrolls of identify {@r1}
Potions
 a - a potion of lignification
 d - 2 potions of might


   Skills:
 + Level 2.5 Fighting
 + Level 2.6 Dodging
 + Level 3.7 Unarmed Combat
 + Level 3.6 Shapeshifting


You had 3 spell levels left.
You didn't know any spells.
Your spell library was empty.

Dungeon Overview and Level Annotations

Branches:
Dungeon (2/15)

Altars:

Shops:
D:1 :


Innate Abilities, Weirdness & Mutations

You are a hulking beast.
Your limbs bulge with bestial killing power. (Slay +2)
Your plain brown scales are hard. (AC +5)
You cannot fit into any form of body armour.
You are cold-blooded and may be slowed by cold attacks.


Message History

The quokka bites you but does no damage.
You closely miss the quokka. You tail-slap the quokka.
You kill the quokka!
No target in view!
A gnoll comes into view. It is wielding a +1 halberd of venom.
The gnoll shouts!
A gnoll is nearby! 2 gnolls come into view.
A gnoll is wielding a +0 club.
The gnoll shouts! x2
A gnoll comes into view. It is wielding a +0 spear.
The gnoll throws a throwing net.
The throwing net hits you.
You become entangled in the net!
You see here a throwing net.
You tear a large gash into the net.
You struggle against the net.
You rip the net and break free!
The gnoll hits you from afar with a +1 halberd of venom!
The gnoll attacks as it pursues you!
The gnoll hits you from afar with a +1 halberd of venom.
You are poisoned.
You feel sick. The gnoll attacks as it pursues you!
The gnoll closely misses you.
You feel sick.
You feel sick.
You feel sick. The gnoll attacks as it pursues you!
The gnoll barely misses you.
You feel sick.
You are no longer poisoned.
There is a stone staircase leading up here.
The gnoll shouts!
The gnoll hits you from afar with a +1 halberd of venom!
* * * LOW HITPOINT WARNING * * *
You are lethally poisoned!
You climb upwards.
* * * LOW HITPOINT WARNING * * *
You feel extremely sick.
There is a stone staircase leading down here.
It was a potion of brilliance.
You feel clever all of a sudden.
You die...

####### # ###### #.....# ##
#....######## #.....#
.#####....#......#####.....#
.'...+....'....#.#.........#
.#...#....#.##.#.#.........#
.#...#....#.#..#.#.........#
##...#....#.#..#.#.........#
................h..........#
....).......#..............#
##...##############........###
........# ...P♣#..........#
#######.# .P♣.PP#..........#
...# #.# ♣.♣PPP#.#........#
##.# #.# PP.P♣P#.#..#######
#.####.# PP....#..).#
##.##...# P..P..#....#


There were no monsters in sight!

Vanquished Creatures
  Natasha (D:2)
  4 gnolls
  3 endoplasms
  2 giant cockroaches (D:1)
  9 goblins (D:1)
  5 hobgoblins (D:1)
  A kobold (D:1)
  2 quokkas (D:2)
  3 ball pythons
  5 bats
  A frilled lizard (D:1)
  2 rats (D:1)
38 creatures vanquished.

Notes
Turn   | Place    | Note
-------+----------+-------------------------------------------
     0 | D:1      | Queen the Draconian Shapeshifter began the quest for the
                  | Orb.
     0 | D:1      | Reached XP level 1. HP: 16/16 MP: 1/1
    56 | D:1      | Reached XP level 2. HP: 23/23 MP: 2/2
   264 | D:1      | Found Guyseweu's Book Shoppe.
   443 | D:1      | Reached XP level 3. HP: 29/29 MP: 3/3
   676 | D:1      | Found Guyseweu's Book Shoppe.
   981 | D:2      | Reached XP level 4. HP: 23/36 MP: 4/4
  1034 | D:2      | Noticed Natasha
  1050 | D:2      | Killed Natasha
  1231 | D:1      | Succumbed to a gnoll's poison

Illustrated notes

Levels and vault maps discovered:
D:1:      minmay_arrival_arboretum_small, layout_basic, serial_shops, shop,
          minmay_misc_feat_alley
D:2:      layout_rooms, uniq_natasha

Skill      XL: |  1  2  3 |
---------------+----------+-----
Dodging        | 2 |  2.6
Fighting       | 2 |  2.5
Unarmed Combat | |  3.7
Shapeshifting  | |  3.6

Action                     |  1- 3 |  4- 6 || total
---------------------------+-------+-------++-------
  Melee: Unarmed           |    82 |    20 ||   102
         Tailslap          |    10 |     4 ||    14
    Use: Scroll            |     3 |       ||     3
         Potion            |       |     1 ||     1
   Stab: Sleeping          |     1 |       ||     1
 Armour: Skin              |    32 |    16 ||    48
  Dodge: Dodged            |    45 |     7 ||    52
   Form: Beast             |     1 |       ||     1

Table legend: (Time is in decaauts)
 A = Elapsed time spent in this place.
 B = Non-inter-level travel time spent in this place.
 C = Inter-level travel time spent in this place.
 D = Time resting spent in this place.
 E = Time spent auto-exploring this place.
 F = Levels seen in this place.
 G = Mean time per level.
                   A        B        C        D        E       F      G
               +--------+--------+--------+--------+--------+-----+--------+
         Total |   1229 |   1216 |     13 |     46 |    852 |   2 |  614.5 |
       Dungeon |   1229 |   1216 |     13 |     46 |    852 |   2 |  614.5 |
               +--------+--------+--------+--------+--------+-----+--------+

Top non-repeatable levels by time:
     D:1: 895 daAuts
     D:2: 334 daAuts
